Map: Thunderbird LE

Players

Clem - Winner!

  • Race: Terran Terran
  • League: Master
  • Spawn Location: 11:00

Lambo

  • Race: Zerg Zerg
  • League: Grandmaster
  • Spawn Location: 5:00

Event: HomeStory Cup XX

VOD

Have the link to the VOD?

Description

Time

  • Played on: Nov. 22, 2019, 4:53 a.m.
  • Length: 17:56

All games in this series

Show
View Real Time Build Order
Export as new Build Order

Clem Terran - Winner!

Build Orders: Reaper Expand 

Get SALT Encoding   

  12  0:00  SCV  
  13  0:12  SCV  
  14  0:17  Supply Depot  
  14  0:24  SCV  
  15  0:38  SCV  
  15  0:39  Barracks  
  16  0:43  Refinery  
  16  0:50  SCV  
  17  1:02  SCV  
  18  1:14  SCV  
  19  1:27  Orbital Command, Reaper  
  20  1:38  Command Center  
  20  1:47  Supply Depot  
  20  1:53  SCV  
  21  1:58  Marine  
  22  2:05  SCV  
  22  2:06  Factory  
  23  2:17  SCV  
  23  2:21  Barracks Reactor  
  24  2:30  SCV  
  25  2:37  Command Center  
  25  2:42  SCV  
  26  2:51  Barracks  
  26  2:53  Orbital Command  
  26  2:56  SCV  
  27  3:03  Hellion  
  29  3:07  Hellion  
  29  3:08  Barracks Tech Lab  
  29  3:10  SCV  
  32  3:18  Refinery  
  32  3:19  SCV  
  33  3:22  SCV  
  33  3:25  Hellion  
  36  3:29  Hellion, Stimpack  
  36  3:32  Marine  
  39  3:34  SCV  
  39  3:35  SCV  
  41  3:46  SCV  
  42  3:50  Orbital Command  
  42  3:51  Marine  
  42  3:53  SCV  
  42  3:55  Marine x2  
  46  3:58  SCV  
  46  3:59  Starport, Factory Reactor  
  47  4:04  Supply Depot  
  47  4:08  SCV  
  47  4:09  Marine  
  49  4:10  SCV  
  49  4:12  Marine x2  
  49  4:15  SCV  
  53  4:19  Refinery  
  53  4:20  SCV  
  54  4:29  Supply Depot, SCV  
  54  4:30  Marine  
  56  4:31  Engineering Bay x2  
  56  4:32  Marine  
  56  4:34  SCV x2  
  56  4:38  Marine  
  60  4:41  Supply Depot  
  60  4:42  SCV  
  61  4:47  Widow Mine, Medivac  
  61  4:48  Marine  
  61  4:50  Medivac  
  61  4:52  Orbital Command  
  68  4:54  SCV  
  68  4:56  Marine  
  68  4:57  Marine  
  71  5:00  Terran Infantry Weapons Level 1  
  71  5:02  SCV  
  71  5:05  Terran Infantry Armor Level 1  
  71  5:06  SCV  
  73  5:09  Barracks  
  73  5:10  Marine  
  73  5:13  Factory Tech Lab  
  75  5:14  SCV  
  75  5:18  SCV x2  
  75  5:20  Supply Depot  
  77  5:26  Marine x2, SCV  
  80  5:30  Barracks x2  
  80  5:31  SCV  
  80  5:32  Refinery  
  81  5:38  Supply Depot, Siege Tank  
  81  5:40  SCV  
  81  5:42  Marine  
  86  5:44  Marine x2  
  86  5:48  SCV x2  
  90  5:52  SCV  
  91  5:59  Barracks Reactor  
  91  6:00  Marine, SCV x2  
  91  6:04  SCV  
  88  6:07  Refinery, Factory  
  88  6:08  Refinery  
  88  6:09  Marine  
  88  6:10  Marine, Medivac  
  88  6:11  Medivac  
  92  6:12  SCV  
  92  6:14  Supply Depot  
  92  6:16  SCV  
  92  6:18  Marine  
  95  6:24  Armory  
  95  6:25  Supply Depot  
  94  6:27  SCV  
  94  6:28  Barracks Reactor, SCV  
  94  6:29  Barracks Reactor  
  95  6:34  SCV  
  95  6:38  Marine x3, Supply Depot  
  95  6:39  Marine  
  102  6:41  Siege Tank  
  102  6:44  Supply Depot, SCV x2  
  107  6:47  SCV  
  107  6:51  Factory Tech Lab  
  106  6:55  Command Center  
  106  6:56  SCV  
  106  6:58  SCV  
  106  6:59  Marine x5, SCV  
  114  7:01  Combat Shield  
  114  7:05  Marine x2  
  117  7:08  SCV  
  117  7:09  Marine  
  117  7:10  SCV  
  117  7:13  SCV  
  120  7:16  Siege Tank  
  120  7:17  Siege Tank  
  120  7:18  Medivac  
  128  7:24  Marine x2, Supply Depot  
  128  7:25  Terran Infantry Weapons Level 2, Supply Depot  
  130  7:30  Marine  
  130  7:31  Marine  
  130  7:35  Supply Depot  
  130  7:36  Terran Infantry Armor Level 2  
  132  7:38  Marine  
  133  7:45  Marine  
  133  7:47  Supply Depot  
  133  7:48  Barracks x2  
  133  7:49  Barracks  
  134  7:54  Siege Tank  
  134  7:55  Marine x2, Marauder  
  134  7:56  Marine  
  134  7:57  Medivac  
  137  8:00  Medivac  
  137  8:04  Marine x3  
  142  8:06  Marine x2  
  142  8:10  Supply Depot  
  142  8:12  Siege Tank  
  147  8:13  Marine x2  
  147  8:14  Marine  
  147  8:16  Marine  
  151  8:22  Marine x3  
  151  8:23  Marine  
  158  8:27  Siege Tank  
  158  8:30  Medivac  
  160  8:35  Marine  
  160  8:36  Marine, Marauder  
  164  8:41  Barracks Tech Lab x3  
  164  8:44  Siege Tank  
  164  8:46  SCV x3  
  164  8:48  Marine  
  171  8:52  Marine x3  
  171  8:54  Planetary Fortress  
  171  8:55  Supply Depot  
  174  8:56  Supply Depot  
  174  8:57  Marauder  
  174  8:58  SCV  
  174  9:01  Marine x2  
  174  9:02  SCV  
  180  9:04  Marine  
  180  9:05  SCV  
  180  9:11  Medivac  
  180  9:13  Siege Tank  
  178  9:18  Sensor Tower  
  178  9:19  Marauder  
  178  9:20  Marauder x2, Marine x6  
  178  9:21  Marine  
  191  9:25  Marine, Marauder  
  191  9:27  SCV x2  
  191  9:28  SCV  
  196  9:37  Marine, SCV  
  193  9:39  SCV x2  
  193  9:40  Marauder, Command Center, SCV  
  193  9:42  Widow Mine  
  200  9:51  Widow Mine  
  200  9:57  Refinery x2, Command Center  
  197  10:04  Siege Tank  
  199  10:10  Starport, Ghost Academy  
  199  10:12  Fusion Core  
  200  10:14  Siege Tank  
  200  10:16  Marine, Marauder  
  191  10:22  Marauder  
  191  10:27  Medivac  
  195  10:31  Marine x4, Marauder  
  195  10:33  Marine x2  
  198  10:38  Terran Infantry Weapons Level 3  
  198  10:39  Marine x2  
  198  10:40  Marine x2  
  187  10:44  Terran Infantry Armor Level 3  
  187  10:46  Marine, Siege Tank  
  187  10:49  Marine x4  
  148  10:51  Marine x2  
  148  10:53  Marauder  
  137  10:57  Marine x3, Siege Tank  
  137  10:58  Marine  
  137  11:00  Command Center  
  137  11:03  Starport Tech Lab  
  137  11:04  Marine  
  144  11:06  Liberator  
  144  11:07  Marine x4  
  144  11:08  Marine  
  144  11:09  Liberator  
  150  11:14  Marine, Marauder  
  150  11:15  Marine x2  
  150  11:16  Marauder, Marine  
  161  11:18  Siege Tank  
  161  11:21  SCV x3  
  167  11:30  Widow Mine, Planetary Fortress  
  167  11:31  Starport Reactor  
  167  11:37  Marauder x3, Marine x2  
  175  11:41  Terran Vehicle Weapons Level 1  
  175  11:50  Siege Tank  
  175  11:52  Liberator  
  173  11:55  Marine  
  173  11:56  Marauder  
  173  12:01  Siege Tank  
  177  12:02  Marine x3  
  177  12:03  Marine x3, Marauder  
  177  12:04  Marauder x2, Marine  
  177  12:06  Medivac  
  191  12:13  Marine  
  195  12:17  Marauder  
  195  12:18  Command Center  
  195  12:19  Refinery  
  195  12:20  Refinery, Marine x2, Missile Turret  
  195  12:21  Supply Depot  
  199  12:24  Orbital Command  
  199  12:28  Command Center  
  199  12:35  Planetary Fortress  
  199  12:37  Sensor Tower  
  199  12:41  Ghost Academy  
  198  13:00  Marine x2, Marauder x2  
  198  13:01  Siege Tank  
  198  13:02  Marine x2  
  198  13:04  Ghost x2  
  199  13:10  Starport x2, Ghost Academy  
  199  13:11  Ghost Academy, Personal Cloaking  
  199  13:12  Liberator x2  
  200  13:36  Command Center x2  
  200  13:38  Liberator x2  
  200  13:39  Terran Vehicle And Ship Armor Level 1  
  200  13:43  Enhanced Shockwaves  
  200  13:44  Nuke  
  200  13:54  Concussive Shells  
  197  13:56  Liberator  
  198  14:05  Medivac  
  198  14:09  Liberator  
  199  14:10  Marine  
  199  14:11  Marine, Marauder, Ghost x2  
  199  14:12  Ghost  
  199  14:16  Liberator  
  200  14:18  Liberator  
  199  14:28  Marine x5  
  186  14:33  Marine x2, Marauder  
  186  14:36  Marine  
  186  14:37  Nuke  
  186  14:38  Siege Tank  
  187  14:40  Marine, Marauder  
  187  14:41  Marine, Orbital Command  
  187  14:44  Liberator, Siege Tank  
  190  14:45  Marine  
  190  14:46  Marine  
  190  14:49  Marine x3  
  190  14:52  Refinery  
  194  14:54  Liberator  
  194  14:55  Refinery  
  169  15:10  Siege Tank  
  168  15:16  Cyclone  
  168  15:18  Marine  
  168  15:19  Marine  
  168  15:21  Planetary Fortress  
  171  15:24  SCV  
  171  15:25  SCV  
  171  15:26  Command Center  
  173  15:31  Command Center  
  173  15:32  Command Center, Neosteel Armor  
  173  15:33  Hi-Sec Auto Tracking  
  173  15:34  Terran Ship Weapons Level 1  
  173  15:35  Marine x3  
  175  15:36  Marine x2, Marauder  
  175  15:41  Marine, Marauder  
  185  15:42  Widow Mine  
  185  15:48  Widow Mine, Liberator  
  177  16:00  Marauder  
  177  16:01  Marauder  
  177  16:03  Ghost x2  
  177  16:04  Widow Mine  
  187  16:10  Siege Tank  
  191  16:17  Planetary Fortress  
  188  16:22  Planetary Fortress, Marauder  
  188  16:26  Missile Turret  
  188  16:27  Missile Turret  
  188  16:28  Marine, Ghost  
  188  16:30  Widow Mine  
  188  16:31  Command Center  
  188  16:32  Marine x4, Liberator  
  179  16:40  Liberator  
  179  16:42  Widow Mine, Ghost x2  
  175  16:52  Orbital Command  
  178  17:01  Widow Mine  
  179  17:02  Ghost  
  179  17:06  Widow Mine  
  179  17:07  Marine x2  
  179  17:08  Marine  
  189  17:22  Widow Mine  
  192  17:34  Marauder x3  
Show
View Real Time Build Order
Export as new Build Order

Lambo Zerg 

Build Orders: Hatch First, Lurkers 

Get SALT Encoding   

  12  0:00  Drone  
  13  0:12  Overlord  
  13  0:17  Drone  
  14  0:31  Drone x2  
  16  0:47  Hatchery  
  15  0:50  Drone  
  15  0:54  Drone  
  17  0:57  Drone  
  18  1:08  Extractor  
  17  1:12  Spawning Pool  
  17  1:15  Drone  
  17  1:19  Drone  
  18  1:29  Drone  
  19  1:41  Drone  
  20  1:52  Overlord  
  20  1:59  Queen x2  
  20  2:00  Zergling x4  
  26  2:09  Drone  
  26  2:11  Drone  
  26  2:12  Metabolic Boost  
  28  2:20  Drone  
  29  2:25  Drone  
  30  2:35  Hatchery  
  29  2:39  Drone  
  29  2:45  Drone x2  
  29  2:49  Drone  
  32  2:52  Pneumatized Carapace  
  32  2:58  Overlord  
  32  3:02  Queen  
  32  3:04  Drone  
  35  3:16  Drone  
  35  3:17  Drone x5  
  41  3:24  Overlord  
  41  3:26  Drone  
  42  3:38  Drone  
  43  3:42  Queen  
  45  3:49  Drone x6  
  45  3:51  Queen  
  45  3:52  Queen  
  55  3:58  Drone x2  
  57  4:05  Overlord  
  57  4:12  Overlord  
  57  4:18  Lair  
  57  4:24  Drone x8, Overlord  
  65  4:33  Drone x3  
  65  4:34  Extractor  
  65  4:36  Extractor  
  65  4:37  Baneling Nest  
  65  4:42  Zergling x6  
  68  4:49  Drone  
  68  4:51  Drone x2  
  71  4:54  Drone x2  
  71  4:55  Drone  
  71  4:56  Extractor  
  73  5:01  Zergling x10  
  73  5:03  Drone  
  73  5:04  Queen  
  81  5:10  Overlord  
  81  5:12  Overlord  
  81  5:13  Overlord  
  81  5:14  Hatchery, Overlord  
  81  5:16  Overlord  
  81  5:18  Overlord  
  81  5:20  Centrifical Hooks  
  80  5:23  Drone  
  80  5:25  Overlord  
  81  5:28  Evolution Chamber  
  81  5:29  Evolution Chamber  
  81  5:32  Drone x4  
  83  5:37  Zergling x8, Baneling x4  
  83  5:38  Baneling x2  
  83  5:39  Baneling  
  83  5:41  Zergling x4  
  89  5:46  Zergling x6  
  89  5:47  Baneling  
  89  5:48  Hydralisk Den  
  92  5:50  Zergling x2  
  92  5:53  Zergling x2  
  92  5:54  Zergling x8  
  91  6:04  Zergling x2  
  91  6:08  Zergling x4  
  91  6:13  Zerg Melee Weapons Level 1, Zerg Ground Armor Level 1  
  91  6:17  Drone x8  
  98  6:19  Zergling x2  
  98  6:23  Muscular Augments  
  96  6:28  Zergling x6  
  96  6:30  Zergling x2, Baneling x3  
  100  6:37  Queen  
  100  6:38  Extractor  
  100  6:39  Zergling x6  
  104  6:40  Baneling x2  
  104  6:42  Zergling x2  
  105  6:48  Zergling x6  
  105  6:50  Baneling x6  
  105  6:51  Zergling x2  
  105  6:53  Drone  
  110  6:54  Drone x8  
  110  6:58  Baneling  
  110  7:00  Zergling x4  
  120  7:03  Zergling x4  
  120  7:09  Hydralisk x3  
  120  7:12  Overlord  
  125  7:19  Zergling x4  
  125  7:22  Zergling x4  
  128  7:24  Overlord  
  128  7:26  Overlord x2  
  128  7:27  Overlord  
  128  7:29  Overlord  
  128  7:30  Infestation Pit  
  128  7:31  Overlord  
  128  7:32  Zergling x10  
  128  7:35  Zergling x8  
  136  7:46  Zergling x8  
  135  7:52  Zergling x8  
  135  7:56  Zergling x2  
  136  8:01  Overlord  
  136  8:02  Zergling x8  
  136  8:03  Zergling x6  
  142  8:07  Zergling x6  
  142  8:09  Zerg Ground Armor Level 2, Zerg Melee Weapons Level 2  
  142  8:10  Grooved Spines, Hydralisk  
  142  8:11  Zergling x2  
  142  8:12  Baneling x6  
  148  8:14  Baneling x4  
  148  8:15  Zergling x4, Queen  
  152  8:20  Baneling x3  
  152  8:24  Zergling x8  
  156  8:33  Drone  
  157  8:34  Zergling x10  
  157  8:38  Zergling x2  
  157  8:39  Zergling x2  
  162  8:42  Hatchery  
  162  8:45  Drone x5  
  162  8:46  Infestation Pit  
  165  8:49  Zergling x14  
  165  8:52  Baneling  
  172  8:57  Zergling x4  
  172  8:59  Baneling x6  
  172  9:01  Zergling x4  
  175  9:04  Overlord  
  175  9:05  Overlord  
  173  9:10  Zergling x6  
  173  9:13  Zergling x4  
  171  9:17  Overlord  
  171  9:20  Hive  
  171  9:22  Zergling x2  
  171  9:23  Zergling x12  
  176  9:28  Hydralisk  
  175  9:36  Zergling x10  
  172  9:40  Zergling x14  
  172  9:42  Baneling x17  
  179  9:47  Zergling x4  
  179  9:51  Zergling x10  
  182  9:55  Zergling x4  
  182  9:57  Baneling  
  181  10:00  Zergling x10  
  181  10:05  Baneling x8  
  182  10:08  Zergling x20  
  177  10:15  Overlord  
  177  10:16  Zergling x4  
  177  10:20  Zergling x4  
  169  10:28  Zergling x8  
  171  10:29  Queen  
  171  10:32  Zergling x2  
  167  10:37  Zergling x6  
  167  10:38  Overlord  
  149  10:44  Zergling x8  
  149  10:48  Zergling x6  
  123  10:53  Hydralisk  
  123  10:56  Queen x2  
  121  10:57  Overlord x2  
  121  11:00  Zerg Ground Armor Level 3  
  121  11:02  Drone x3  
  124  11:07  Extractor  
  124  11:08  Lurker Den  
  124  11:09  Zerg Missile Weapons Level 1  
  124  11:10  Drone x4  
  126  11:13  Extractor x2  
  126  11:14  Baneling x8  
  126  11:16  Zergling x4  
  126  11:17  Overseer  
  126  11:19  Queen  
  126  11:20  Queen  
  126  11:22  Drone x3  
  126  11:23  Extractor, Queen  
  134  11:26  Spore Crawler  
  134  11:30  Zergling x2  
  134  11:31  Zergling x12, Queen  
  139  11:45  Drone x3  
  142  11:51  Overlord  
  139  11:55  Seismic Spines  
  139  11:59  Hatchery, Zergling x22  
  148  12:09  Overlord  
  148  12:17  Hydralisk x4  
  148  12:19  Lurker x4  
  160  12:24  Hydralisk x4  
  166  12:39  Adrenal Glands  
  166  12:40  Zergling x36  
  184  12:47  Baneling x2  
  184  12:51  Viper  
  184  12:53  Lurker  
  184  12:54  Zergling x18  
  196  12:58  Zergling x2  
  180  13:09  Zergling x2  
  180  13:10  Zergling x8, Adaptive Talons  
  183  13:13  Drone x2  
  183  13:15  Viper  
  183  13:18  Lurker x2  
  183  13:19  Lurker  
  186  13:30  Overlord  
  186  13:33  Zergling x24  
  185  13:40  Zerg Melee Weapons Level 3  
  183  13:43  Zergling x6  
  183  13:44  Baneling  
  184  13:53  Baneling x5  
  177  13:57  Zergling x2  
  177  13:58  Zergling x14  
  177  14:00  Lurker  
  177  14:01  Lurker  
  187  14:07  Zergling x6  
  187  14:08  Zergling x2  
  187  14:11  Queen  
  187  14:15  Spore Crawler  
  188  14:18  Overlord  
  188  14:23  Zergling x10  
  185  14:30  Hydralisk x2  
  162  14:35  Hydralisk x2  
  164  14:41  Hydralisk  
  164  14:42  Hydralisk  
  158  14:48  Hydralisk x3  
  157  14:59  Hydralisk x4  
  141  15:04  Drone x3  
  138  15:08  Hydralisk x2  
  138  15:11  Hydralisk  
  127  15:14  Viper  
  121  15:24  Viper x2  
  121  15:26  Lurker x2  
  129  15:32  Zergling x6  
  129  15:33  Zergling x8  
  136  15:37  Zergling x6  
  136  15:40  Lurker  
  136  15:41  Zergling x4  
  140  15:46  Zergling x8  
  142  15:54  Zergling x8  
  136  15:59  Zergling x8  
  136  16:02  Zergling x2  
  141  16:10  Zergling x12  
  137  16:14  Lurker x6  
  143  16:23  Zergling x12  
  149  16:26  Extractor  
  149  16:27  Extractor  
  149  16:30  Zergling x8  
  139  16:42  Zergling x12  
  139  16:46  Hydralisk x2  
  143  17:03  Hydralisk x5  
  141  17:16  Hatchery, Hydralisk x3  
  145  17:23  Hydralisk x2  
  145  17:28  Zergling x6  
Tags
 
Add a new tag
Caveats
  • Supply blocks, unpowered buildings, or Contaminate may cause inaccurate times.
  • Supply counts are checked every 10 seconds.